 Dungeon Crawl Stone Soup version 0.29.1-2-gbd0b4ee654 (webtiles) character file.

Game seed: 6099150628255655423

63 H0rd4k the Insei (level 4, 0/28 HPs)
             Began as an Octopode Transmuter on Oct 26, 2022.
             Succumbed to an adder's poison
             ... on level 2 of the Dungeon.
             The game lasted 00:01:56 (1802 turns).

H0rd4k the Insei (Octopode Transmuter)              Turns: 1802, Time: 00:01:57

Health: 0/28       AC:  1    Str:  9    XL:     4   Next: 10%
Magic:  7/7        EV: 13    Int: 17    God:
Gold:   100        SH:  0    Dex: 12    Spells: 6/7 levels left

rFire   + . .      SeeInvis .     - Unarmed
rCold   + . .      Faith    .   (no shield)
rNeg    . . .      Spirit   .   (helmet currently unavailable)
rPois   +          Reflect  .   (no amulet)
rElec   +          Harm     .   b - ring of willpower
rCorr   +          Rampage  .   (no ring)
Will    +....                   (no ring)
Stlth   ++........              (no ring)
HPRegen 0.09/turn               (no ring)
MPRegen 0.10/turn               (no ring)
                                (no ring)
                                (no ring)

@: lethally poisoned (0 -> -3), appendages, resistant
A: tentacle spike 3, almost no armour, amphibious, 8 rings, camouflage 1,
gelatinous body 1, (nimble swimmer 1), tentacles
a: End Transformation


You were on level 2 of the Dungeon.
One of your tentacles had grown a beastly spike.
You visited 1 branch of the dungeon, and saw 2 of its levels.

You collected 100 gold pieces.

Inventory:

Hand Weapons
 c - a +0 dagger
Missiles
 g - 5 curare-tipped darts
Jewellery
 b - a ring of willpower (left tentacle)
Scrolls
 f - a scroll of amnesia {unknown}
Potions
 a - a potion of lignification


   Skills:
 + Level 1.0 Fighting
 + Level 2.5 Dodging
 + Level 4.2 Unarmed Combat
 + Level 2.2 Spellcasting
 + Level 2.2 Transmutations


You had 6 spell levels left.
You knew the following spells:

 Your Spells              Type           Power      Damage    Failure   Level
a - Beastly Appendage     Tmut           18%        N/A       8%          1

Your spell library contained the following spells:

 Spells                   Type           Power      Damage    Failure   Level
 Wereblood                Tmut           9%         N/A       12%         2
 Spider Form              Tmut/Pois      5%         N/A       34%         3
 Ice Form                 Ice/Tmut       5%         N/A       75%         4
 Leda's Liquefaction      Hex/Erth       0%         N/A       88%         4
 Lee's Rapid Deconstruct  Erth           0%         3d5*      99%         5
 Statue Form              Tmut/Erth      3%         N/A       100%        6


Dungeon Overview and Level Annotations

Branches:
Dungeon (2/15)

Altars:


Innate Abilities, Weirdness & Mutations

One of your tentacles has grown a beastly spike.
You cannot wear most types of armour.
You are amphibious.
You can wear up to eight rings at the same time.
Your skin changes colour to match your surroundings (Stealth+).
Your rubbery body absorbs attacks. (AC +1, EV +1)
((You are camouflaged when in or above water. (Stealth+)))
You have tentacles for arms and can constrict up to eight enemies at once.


Message History

The ball python is severely wounded.
You constrict the ball python.
You kill the ball python!
An adder is nearby!
An adder is nearby!
An adder is nearby!
Casting: Beastly Appendage (safe; 8% risk of failure)
Confirm with . or Enter, or press ? or * to list all spells.
One of your tentacles grows a vicious spike.
The adder hisses angrily.
The adder barely misses you.
You tentacle-slap the adder. You grab the adder.
The adder is moderately wounded.
You constrict the adder. The adder bites you.
You are poisoned.
The adder poisons you!
You tentacle-slap the adder.
You pierce the adder.
The adder is almost dead.
You constrict the adder.
You feel sick. The adder bites you.
You are lethally poisoned!
The adder poisons you!
You barely miss the adder. Your squeeze misses the adder.
The adder is almost dead.
You constrict the adder.
You kill the adder!
* * * LOW HITPOINT WARNING * * *
You feel very sick.
You have reached level 4!
* * * LOW HITPOINT WARNING * * *
You feel sick.
* * * LOW HITPOINT WARNING * * *
You feel sick.
* * * LOW HITPOINT WARNING * * *
You feel sick.
It was a potion of resistance.
You feel protected.
* * * LOW HITPOINT WARNING * * *
You feel sick.
It was a potion of magic.
Magic courses through your body.
You die...

#.#######.... #.# #.### #.#
###.... ######.# #......
#......# #...... #.######
#...... #.#### #.....†
##'#<#####....##### #.....)
..........@†..'.!....<#+...
.....#####....#########+...
.....#####....# #..... .
............# #.....
............+ +....>
............# #.....
.........#### #.....
.........# #.....
##.......# #####+


There were no monsters in sight!

Vanquished Creatures
  An adder (D:2)
  A worm (D:2)
  2 dart slugs
  An orc (D:2)
  3 endoplasms
  8 goblins
  3 hobgoblins
  2 jackals (D:1)
  3 quokkas
  5 ball pythons
  3 bats (D:1)
  2 frilled lizards
  3 kobolds
  9 rats (D:1)
46 creatures vanquished.

Notes
Turn   | Place    | Note
-------+----------+-------------------------------------------
     0 | D:1      | H0rd4k the Octopode Transmuter began the quest for the Orb.
     0 | D:1      | Reached XP level 1. HP: 13/13 MP: 3/3
   384 | D:1      | Reached XP level 2. HP: 18/18 MP: 5/5
   660 | D:1      | Found a faded altar of an unknown god.
   772 | D:1      | Reached XP level 3. HP: 3/23 MP: 6/6
  1769 | D:2      | Reached skill level 4 in Unarmed Combat
  1798 | D:2      | Reached XP level 4. HP: 8/28 MP: 5/7
  1801 | D:2      | HP: 1/28 [poisoned by an adder]
  1802 | D:2      | Succumbed to an adder's poison

Illustrated notes

Levels and vault maps discovered:
D:1:      spicycebolla_green_bress_n_ham_2, layout_loops_cross,
          hellmonk_ecumenical_altar_run_dry, wad_floor_pattern_untrapped
D:2:      layout_basic, basic_altar

Skill      XL: |  1  2  3 |
---------------+----------+-----
Unarmed Combat | 4 |  4.2
Fighting       | |  1.0
Dodging        | |  2.5
Spellcasting   | |  2.2
Transmutations | |  2.2

Action                   |  1- 3 |  4- 6 || total
-------------------------+-------+-------++-------
Melee: Unarmed           |    94 |       ||    94
       Constrict         |    30 |       ||    30
       Tentacles         |    17 |       ||    17
       Punch             |     6 |       ||     6
       Kick              |     1 |       ||     1
 Cast: Beastly Appendage |     1 |       ||     1
  Use: Potion            |       |     2 ||     2
 Stab: Sleeping          |     8 |       ||     8
Armor: Skin              |     3 |       ||     3
Dodge: Dodged            |    46 |       ||    46
